cohdb
Replays
Latest Replays
All Replays
Popular Replays
Top Player Replays
Match Explorer
How It Works
Community
CoH3 Stats
Reddit
Sign in to upload your games and track your stats! →
Sign in with Steam
Match 45786719
Unlisted
Match 45786719
Overview
Messages
Build Orders
End
Scout Squad
Construct Weapon Support Center
Selects Airborne Battlegroup
Selects Pathfinders
M1919 Machine Gun Team
Bazooka Squad
Infantry Support Center
Engineer Squad
M3 Armored Personnel Carrier
Selects Paratrooper Squad Paradrop
Paratrooper Squad Paradrop
M3 Armored Personnel Carrier
M3 Armored Personnel Carrier
Selects Anti-tank Gun Team Paradrop
Anti-tank Gun Team Paradrop
Pathfinder Squad
M1919 Machine Gun Team
Anti-tank Gun Team Paradrop
Tatari◑。
GruZ
Na_Orbite
Serika
[lwr] Ram & Rom
7k this year for sure
0
0
Comments
sign in to comment!
No comments posted yet!